AoeStats
← Red Calypso

Lombardia

508641013Analyzed
4v4 RM · 8d ago on Sep 23, 2026· 51m 8s· 8 players
Game mode
Random Map
Map size
Large (8 player)
Population
200
Speed
Normal
Resources
Standard
Victory
Conquest
Starting age
Dark Age
Ending age
Imperial Age
RankedLock teamsTeams togetherTeam positionsShared explorationLock speedFull tech treeHidden civsTurbo modeCheats
Victory
Defeat
🇭🇰 Varangians · Hong Kong SAR China
1447
+13
🇹🇷 Romans · Türkiye
1398
+15
🇩🇪 Goths · Germany
1361
+17
🇮🇳 Britons · India
1349
+17
🇩🇪 Varangians · Germany
1444
-17
🇩🇪 Danes · Germany
1418
-17
🇦🇹 Saxons · Austria
1338
-14
🇩🇪 Danes · Germany
1335
-14
Chaos Merchant
10:01 Feudal Age
9:25 Loom
14:09 Castle Age
12:11 Double-Bit Axe
13:43 Horse Collar
15:21 Bow Saw
21:28 Wheelbarrow
21:19 Heavy Plow
22:48 Fletching
23:26 Bodkin Arrow
29:16 Imperial Age
26:51 Stone Mining
26:52 Gold Mining
27:26 Padded Archer Armor
28:13 Ballistics
28:57 Leather Archer Armor
30:10 Bracer
30:10 Elite Longbowman
31:42 Conscription
32:37 Ring Archer Armor
32:43 Hand Cart
33:45 Chemistry
33:49 Yeomen
34:02 Cranequins
35:48 Two-Man Saw
36:16 Hoardings
35:53 Masonry
41:22 Architecture
45:59 Warwolf
Tameryig1t
11:35 Feudal Age
13:57 Double-Bit Axe
13:53 Horse Collar
17:08 Castle Age
15:09 Gold Mining
15:10 Stone Mining
15:23 Stone Mining
16:51 Loom
17:42 Wheelbarrow
21:17 Bow Saw
25:49 Hand Cart
31:51 Imperial Age
29:43 Heavy Plow
30:24 Gold Shaft Mining
30:17 Ballistas
30:48 Fletching
30:58 Padded Archer Armor
31:05 Scale Barding Armor
31:10 Forging
31:34 Ballistics
31:25 Fortified Wall
31:10 Murder Holes
33:45 Chemistry
33:17 Conscription
33:24 Heavy Scorpion
34:42 Squires
34:02 Man-at-Arms
34:43 Bodkin Arrow
35:04 Leather Archer Armor
35:09 Chain Barding Armor
35:25 Iron Casting
35:47 Comitatenses
34:53 Long Swordsman
37:31 Iron Casting
37:27 Ring Archer Armor
38:09 Legionary
38:55 Scale Mail Armor
39:55 Blast Furnace
41:05 Siege Engineers
41:20 Caravan
41:50 Coinage
41:31 Guilds
47:09 Banking
47:00 Masonry
48:28 Chain Mail Armor
48:51 Sappers
survivorsteven
9:52 Feudal Age
8:56 Loom
10:31 Double-Bit Axe
11:19 Horse Collar
13:46 Bloodlines
17:12 Scale Barding Armor
21:05 Castle Age
21:51 Wheelbarrow
21:20 Light Cavalry
23:01 Husbandry
23:29 Bow Saw
26:42 Hand Cart
26:58 Gold Mining
26:59 Stone Mining
28:42 Heavy Plow
30:35 Forging
31:41 Town Watch
33:12 Chain Barding Armor
34:30 Caravan
37:46 Imperial Age
36:06 Iron Casting
34:59 Vendel Legacy
37:31 Stone Shaft Mining
38:13 Cavalier
39:20 Conscription
40:26 Plate Barding Armor
45:17 Two-Man Saw
44:55 Crop Rotation
43:55 Capped Ram
45:30 Siege Ram
48:05 Blast Furnace
50:58 Hussar
Szorinx
7:33 Loom
8:01 Loom
10:58 Feudal Age
9:18 Loom
11:04 Feudal Age
12:48 Double-Bit Axe
13:24 Horse Collar
17:16 Castle Age
23:22 Wheelbarrow
23:00 Bow Saw
25:28 Hand Cart
26:09 Gold Mining
29:43 Imperial Age
27:40 Forging
27:30 Scale Mail Armor
27:39 Heavy Plow
29:03 Iron Casting
28:49 Squires
29:27 Chain Mail Armor
30:07 Anarchy
30:35 Perfusion
30:56 Conscription
31:41 Blast Furnace
32:47 Chemistry
31:58 Masonry
31:28 Elite Huskarl
34:27 Town Watch
34:45 Stone Mining
36:36 Man-at-Arms
36:51 Long Swordsman
37:49 Two-Handed Swordsman
38:53 Caravan
39:03 Guilds
39:06 Champion
44:13 Pikeman
45:23 Town Patrol
45:55 Crop Rotation
46:29 Two-Man Saw
45:36 Halberdier
Red Calypso
11:20 Feudal Age
9:40 Loom
11:25 Feudal Age
12:23 Double-Bit Axe
17:03 Castle Age
18:39 Bow Saw
21:46 Horse Collar
23:49 Wheelbarrow
24:55 Hand Cart
25:09 Heavy Plow
30:07 Gold Mining
30:08 Stone Mining
33:21 Imperial Age
32:06 Squires
32:35 Scale Mail Armor
32:46 Forging
32:26 Man-at-Arms
33:02 Gambesons
34:14 Iron Casting
33:55 Chain Mail Armor
33:36 Elite Varangian Guard
33:39 Long Swordsman
34:05 Arson
34:34 Fortified Wall
34:36 Masonry
34:47 Ballistics
35:33 Two-Man Saw
34:25 Two-Handed Swordsman
35:56 Conscription
35:01 Shield Wall
37:05 Plate Mail Armor
36:04 Heavy Scorpion
36:47 Champion
39:09 Crop Rotation
38:51 Elite Hearth Troop
41:45 Arrowslits
42:08 Siege Engineers
43:45 Architecture
45:07 Fletching
48:28 Bodkin Arrow
4k1m
7:13 Loom
11:36 Feudal Age
15:47 Castle Age
14:11 Double-Bit Axe
18:13 Squires
20:48 Horse Collar
22:35 Bow Saw
24:26 Arson
25:32 Forging
27:39 Wheelbarrow
27:05 Heavy Plow
29:42 Hand Cart
29:14 Town Watch
34:34 Imperial Age
32:27 Scale Mail Armor
33:02 Iron Casting
34:44 Chain Mail Armor
34:43 Hamask
35:06 Elite Jomsviking
37:06 Gold Mining
37:06 Stone Mining
37:13 Onager
39:04 Blast Furnace
38:05 Northmen's Fury
38:52 Siege Onager
40:19 Plate Mail Armor
42:31 Siege Engineers
Dekodie
6:42 Loom
8:58 Feudal Age
9:40 Horse Collar
9:48 Double-Bit Axe
18:06 Wheelbarrow
18:13 Horse Collar
23:17 Castle Age
22:01 Gold Mining
24:22 Bow Saw
24:13 Heavy Plow
25:06 Heavy Plow
25:00 Stone Mining
28:47 Stone Shaft Mining
28:45 Scale Barding Armor
28:51 Forging
28:44 Husbandry
30:49 Chain Barding Armor
31:05 Iron Casting
32:55 Bloodlines
36:18 Imperial Age
35:07 Caravan
36:35 Elite Jarl
37:37 Conscription
36:41 Gothikon
39:32 Plate Barding Armor
39:57 Blast Furnace
39:44 Hand Cart
45:52 Capped Ram
47:31 Siege Ram
KIV.Theo
7:05 Loom
9:21 Feudal Age
10:11 Double-Bit Axe
12:55 Horse Collar
14:28 Wheelbarrow
14:08 Gold Mining
21:18 Castle Age
19:22 Fletching
20:53 Stone Mining
22:17 Bow Saw
25:16 Scale Mail Armor
25:19 Squires
26:30 Hand Cart
27:34 Gold Shaft Mining
27:33 Gambesons
28:04 Chain Mail Armor
28:16 Town Watch
32:18 Man-at-Arms
32:44 Arson
35:45 Imperial Age
33:42 Heavy Plow
34:34 Forging
36:06 Iron Casting
35:30 Bodkin Arrow
37:19 Plate Mail Armor
37:11 Conscription
36:16 Onager
36:53 Northmen's Fury
38:41 Stone Shaft Mining
40:10 Chemistry
40:21 Siege Onager
43:09 Siege Engineers
45:41 Capped Ram
Connection lost

Rejoining the realm…

Still unreachable

The connection could not be restored.

Session expired

The server has moved on; the page needs a fresh start.